 Dungeon Crawl Stone Soup version 0.17-a0-2147-gfb20a63 (webtiles) character file.

87 tp1 the Magician (level 4, -5/24 HPs)
             Began as a Deep Elf Conjurer on Oct 24, 2015.
             Killed by nerve-wracking pain
             ... invoked by a shadow imp
             ... summoned by Natasha
              (7 damage)
             ... on level 2 of the Dungeon.
             The game lasted 00:09:20 (3228 turns).

tp1 the Magician (Deep Elf Conjurer)                Turns: 3228, Time: 00:09:20

Health: -5/24      AC:  4    Str:  5    XL:     4   Next: 28%
Magic:  1/14       EV: 13    Int: 21    God:
Gold:   62         SH:  0    Dex: 15    Spells: 3 memorised, 9 levels left

rFire  . . .     SeeInvis +     (no weapon)
rCold  . . .     Clarity  .     a - +0 robe
rNeg   . . .     SustAt   .     (no shield)
rPois  .         Gourm    .     o - +1 helmet {SInv}
rElec  .         Spirit   .     (no cloak)
rCorr  .         Warding  .     (no gloves)
rMut   .         Stasis   .     (no boots)
MR     .....                    (no amulet)
Stlth  ++........               (no ring)
                                (no ring)

@: not resistant to hostile enchantments, unstealthy
A: no striking features
a: no special abilities


You were on level 2 of the Dungeon.
You were not hungry.

You visited 1 branch of the dungeon, and saw 2 of its levels.

You collected 62 gold pieces.

Inventory:

Armour
 a - a +0 robe (worn)
 e - a +0 robe
 h - a +0 leather armour
 o - a +1 helmet of see invisible (worn)
Scrolls
 d - a scroll of teleportation {unknown}
 i - a scroll of enchant weapon {unknown}
 k - a scroll of immolation {unknown}
 r - a scroll of remove curse {unknown}
Potions
 f - a potion of magic {unknown}
 l - 2 potions of degeneration {unknown}
 m - a potion of heal wounds {unknown}
 n - a potion of lignification {unknown}
Books
 b - a book of Conjurations

   Spells                             Type                      Level
   a - Magic Dart                     Conjuration                  1
   b - Searing Ray                    Conjuration                  2
   c - Dazzling Spray                 Conjuration/Hexes            3
   d - Fulminant Prism                Conjuration/Hexes            4
   e - Iskenderun's Mystic Blast      Conjuration                  4
   f - Iskenderun's Battlesphere      Conjuration/Charms           5
Comestibles
 c - 3 bread rations
 g - a beef jerky
 j - a meat ration
 p - 3 chunks of flesh
 q - 3 fruits


   Skills:
 - Level 2.4 Dodging
 - Level 2.4 Stealth
 - Level 6.0 Spellcasting
 + Level 4.6 Conjurations


You had 9 spell levels left.
You knew the following spells:

 Your Spells              Type           Power        Failure   Level  Hunger
a - Magic Dart            Conj           ####         1%          1    None
b - Searing Ray           Conj           ####..       1%          2    None
c - Dazzling Spray        Conj/Hex       ###.....     14%         3    ##.....


Dungeon Overview and Level Annotations

Branches:
Dungeon (2/15)

Altars:
Makhleb
The Shining One

Annotations:
D:2 Natasha


Message History

The shadow imp shouts, "Slither hence, thou tender swag-bellied whey-face!"
Casting: Searing Ray
Confirm with . or Enter, or press ? or * to list all spells.
Aiming: Magic Dart
Press: ? - help, Shift-Dir - straight line, f/p - Natasha
Aim: Natasha (moderately wounded)
The magic dart hits Natasha.
Natasha is heavily wounded.
Natasha barely misses you. The white imp hits you.
* * * LOW HITPOINT WARNING * * *
The white imp freezes you.
* * * LOW HITPOINT WARNING * * *
Natasha wildly gestures.
You feel disoriented.
Natasha extends her claws.
Natasha casts a spell.
The shadow imp puffs mist at you. The shadow imp gestures at you.
Pain shoots through your body!
You die...

##....)###.......#####.#
............<..........##
..........#............##
........................#
............÷...........#
................÷.......#
..............#..........#
..........###.###........#
#.......@# #.# #........# <
#.......## #.###........#
#.#......55###..##.........
#.......S#.................
##.......h.##.###..##.....
#.........5...............
#.........................
....†...####..###.†.##.....
...............##...#......


You could see an adder and a shadow imp.

Vanquished Creatures
  3 adders (D:2)
  An ooze (D:1)
  A worm (D:2)
  3 giant geckos
  2 giant cockroaches
  11 hobgoblins
  A quokka (D:2)
  8 bats (D:1)
  4 giant newts
  10 goblins
  7 kobolds
  7 rats
58 creatures vanquished.

Notes
Turn   | Place    | Note
--------------------------------------------------------------
     0 | D:1      | tp1 the Deep Elf Conjurer began the quest for the Orb.
     0 | D:1      | Reached XP level 1. HP: 10/10 MP: 6/6
    73 | D:1      | Reached XP level 2. HP: 10/15 MP: 0/8
    77 | D:1      | Learned a level 2 spell: Searing Ray
   693 | D:1      | Reached XP level 3. HP: 19/19 MP: 8/11
   698 | D:1      | Learned a level 3 spell: Dazzling Spray
   941 | D:1      | Reached skill level 5 in Spellcasting
  3071 | D:2      | Reached skill level 6 in Spellcasting
  3071 | D:2      | Reached XP level 4. HP: 24/24 MP: 4/14
  3079 | D:2      | Found a glowing golden altar of the Shining One.
  3176 | D:2      | Found a burning altar of Makhleb.
  3178 | D:2      | Noticed a green death
  3213 | D:2      | Noticed Natasha
  3228 | D:2      | Killed from afar by a shadow imp

Vault maps used:
D:1:      lightli_arrival_boilingwater, minmay_ruptured
D:2:      nicolae_overflow_crystal_walls, makhleb_altar_promises_db,
          tso_metal_star, uniq_natasha

Action                   |  1- 3 |  4- 6 || total
-------------------------+-------+-------++-------
 Cast: Magic Dart        |    82 |    14 ||    96
       Searing Ray       |     7 |     5 ||    12
  Eat: Chunk             |     6 |     1 ||     7
